 Dungeon Crawl Stone Soup version 0.23.2-33-g5129a83184 (webtiles) character file.

Game seed: 14130492617423003127

22 Matador8 the Digger (level 2, -6/22 HPs)
             Began as a Naga Earth Elementalist on June 26, 2019.
             Killed by divine providence
             ... invoked by an orc priest
              (16 damage)
             ... on level 2 of the Dungeon.
             The game lasted 00:05:00 (1135 turns).

Matador8 the Digger (Naga Earth Elementalist)       Turns: 1135, Time: 00:05:00

Health: -6/22      AC:  1    Str: 10    XL:     2   Next: 91%
Magic:  3/5        EV: 10    Int: 15    God:
Gold:   14         SH:  0    Dex: 11    Spells: 5/6 levels left

rFire    . . .     SeeInvis +   k - -2 spear (curse)
rCold    . . .     Gourm    .   (no shield)
rNeg     . . .     Faith    .   c - +0 robe
rPois    +         Spirit   .   (no helmet)
rElec    .         Reflect  .   (no cloak)
rCorr    .         Harm     .   (no gloves)
MR       .....                  (no barding)
Stlth    +.........             (no amulet)
HPRegen  0.07/turn              (no ring)
MPRegen  0.09/turn              (no ring)

@: confused, very slightly contaminated, very slow
A: large, see invisible, deformed body, poison resistance, slowness 2, slow
metabolism 1, spit poison 1, AC +0
a: Spit Poison


You were on level 2 of the Dungeon.
You were hungry.

You visited 1 branch of the dungeon, and saw 2 of its levels.

You collected 14 gold pieces.

Inventory:

Hand Weapons
 k - a cursed -2 spear (weapon)
 m - a +1 short sword of freezing
Missiles
 b - 79 stones (quivered)
Armour
 c - a +0 robe (worn)
 e - a +0 ring mail
Jewellery
 j - a +4 ring of dexterity {unknown}
Scrolls
 h - a scroll of fog {unknown}
 i - a scroll of remove curse {unknown}
 l - 3 scrolls of identify {unknown}
Potions
 a - 2 potions of degeneration {unknown}
 g - a potion of agility {unknown}
Comestibles
 d - 2 rations


   Skills:
 - Level 1.5 Dodging
 - Level 3.0 Stealth
 + Level 2.6 Spellcasting
   Level 1.0 Transmutations
 + Level 3.5 Earth Magic


You had 5 spell levels left.
You knew the following spells:

 Your Spells              Type           Power        Failure   Level  Hunger
a - Sandblast             Erth           ##....       4%          1    #......

Your spell library contained the following spells:

 Spells                   Type           Power        Failure   Level  Hunger
 Passwall                 Tmut/Erth      #.......     12%         2    ###....
 Stone Arrow              Conj/Erth      #.....       30%         3    ###....
 Petrify                  Tmut/Erth      #.......     63%         4    #####..
 Lee's Rapid Deconstruct  Erth           ##........   80%         5    ######.


Dungeon Overview and Level Annotations

Branches:
Dungeon (2/15)

Altars:


Innate Abilities, Weirdness & Mutations

You cannot wear boots.
Your serpentine skin is tough. (AC +0)
You have supernaturally acute eyesight. (SInv)
Armour fits poorly on your strangely shaped body.
Your system is resistant to poisons. (rPois)
You cover ground very slowly.
You have a slow metabolism.
You can spit poison.


Message History

The orc wizard is lightly wounded.
b - 79 stones The orc wizard gestures at you while chanting.
You are confused.
You're too confused to cast spells.
Okay, then.
You're too confused to cast spells.
Okay, then.
Unknown command.
The orc wizard points at you and mumbles some strange words.
The magic dart hits you.
The orc priest calls upon Beogh to heal the orc wizard.
The orc wizard's wounds heal themselves!
The adder hisses angrily.
You hear an angry hiss.
The orc wizard misses you.
The orc priest calls down the wrath of Beogh upon you.
Beogh smites you!
Ouch! That really hurt!
You die...

#..^..<#..##.#.#######
#.#..........÷.†......#
#.......#####.#.....#.#
#.###.####..........!.#
.
.............###.##...oo
...#.####.##.......# ###
.#.# ........S.### #
#.##.####o#.#
#......@oo#.#
.....######l# ..... ..w
. ..S #.. ..g.


You could see an orc priest, 2 orc wizards and an adder.

Vanquished Creatures
  3 bats (D:1)
  2 giant cockroaches (D:1)
  5 hobgoblins (D:1)
  3 kobolds
  A ball python (D:2)
  3 frilled lizards (D:1)
  4 rats (D:1)
21 creatures vanquished.

Notes
Turn   | Place    | Note
-------+----------+-------------------------------------------
     0 | D:1      | Matador8 the Naga Earth Elementalist began the quest for
                  | the Orb.
     0 | D:1      | Reached XP level 1. HP: 15/15 MP: 3/3
    87 | D:1      | You fall through a shaft!
   281 | D:1      | Reached XP level 2. HP: 14/22 MP: 0/5
  1135 | D:2      | Killed from afar by an orc priest

Action                   || total
-------------------------++-------
Melee: Spear             ||    49
       Unarmed           ||     3
 Cast: Sandblast         ||    22
 Stab: Sleeping          ||     2
Armor: Robe              ||     7
Dodge: Dodged            ||    34
